 Dungeon Crawl Stone Soup version 0.19-a0-1714-gcab94ab (webtiles) character file.

105196 Vasilisck the Severer (level 16, -2/129 HPs)
             Began as a Formicid Fighter on Sept 27, 2016.
             Was the Champion of Okawaru.
             Killed from afar by Azrael (54 damage)
             ... with a bolt of fire
             ... on level 2 of the Orcish Mines on Sept 28, 2016.
             The game lasted 01:04:13 (24640 turns).

Vasilisck the Severer (Formicid Fighter)           Turns: 24640, Time: 01:04:13

Health: -2/129     AC: 32    Str: 28    XL:     16   Next: 95%
Magic:  22/22      EV: 16    Int: 10    God:    Okawaru [******]
Gold:   2871       SH: 12    Dex: 10    Spells: 0 memorised, 15 levels left

rFire  x . .     SeeInvis +     y - +3 battleaxe (chop)
rCold  + . .     Gourm    .     O - +2 crystal plate armour
rNeg   . . .     Faith    .     c - +0 shield
rPois  .         Spirit   .     (helmet unavailable)
rElec  .         Dismiss  .     b - +0 cloak of Beyond {Regen+ rCorr}
rCorr  +         Reflect  .     t - +0 pair of gloves
MR     +....     Harm     .     S - +1 pair of boots of the Endless Expanse {Int+2}
Stlth  ..........               d - amulet of regeneration
                                x - +5 ring of evasion
                                V - ring of ice

@: no status effects
A: permanent stasis, dig shafts and tunnels, four strong arms, antennae 3,
repulsion field 1, slimy green scales 1, sense surroundings 1
a: Dig, Shaft Self, Heroism, Finesse, Renounce Religion


You were on level 2 of the Orcish Mines.
You worshipped Okawaru.
Okawaru was exalted by your worship.
You were not hungry.

You visited 3 branches of the dungeon, and saw 23 of its levels.
You also visited: Sewer and Ice Cave.

You collected 2983 gold pieces.
You spent 112 gold pieces at shops.

Inventory:

Hand Weapons
 p - a +5 broad axe of venom
 y - a +3 battleaxe of chopping (weapon)
 P - a +2 battleaxe
Missiles
 s - 10 tomahawks of returning (quivered)
Armour
 b - the +0 cloak of Beyond (worn) {Regen+ rCorr}
   (Okawaru gifted it to you on level 4 of the Lair of Beasts)

   It increases your rate of regeneration.
   It protects you from acid and corrosion.
 c - a +0 shield (worn)
 t - a +0 pair of gloves (worn)
 O - a +2 crystal plate armour (worn)
 Q - a +2 chain mail of magic resistance
 S - the +1 pair of boots of the Endless Expanse (worn) {Int+2}
   (Okawaru gifted it to you on level 6 of the Lair of Beasts)

   It affects your intelligence (+2).
Jewellery
 a - the ring "Dazaefi" {Int+7 Stlth+}
   (You found it in an ice cave)

   [ring of stealth]

   It affects your intelligence (+7).
   It makes you more stealthy.
 d - an amulet of regeneration (around neck)
 f - a +2 ring of protection
 x - a +5 ring of evasion (right hand)
 G - a +3 ring of intelligence
 H - the ring "Ojuur" {rPois rN+}
   (You found it on level 4 of the Dungeon)

   [ring of poison resistance]

   It protects you from poison.
   It protects you from negative energy.
 V - a ring of ice (left hand)
 X - an uncursed amulet of dismissal
 Y - the amulet "Ruvid" {+Rage Str+4 Int+6}
   (You found it in an ice cave)

   [amulet of rage]

   It affects your strength (+4).
   It affects your intelligence (+6).
   It lets you go berserk.
Wands
 g - a wand of random effects (20/48)
 r - a wand of slowing (31/48)
Scrolls
 i - 6 scrolls of identify
 o - 2 scrolls of fear
 w - a scroll of enchant weapon
 A - a scroll of amnesia
 B - 4 scrolls of remove curse
 C - a scroll of enchant armour
 K - 2 scrolls of magic mapping
 L - 2 scrolls of fog
 U - 2 scrolls of recharging
Potions
 e - a potion of cure mutation
 h - 2 potions of magic
 k - a potion of cancellation
 l - 2 potions of curing
 m - 4 potions of flight
 D - 2 potions of brilliance
 E - 6 potions of lignification
 F - a potion of might
 T - 3 potions of agility
Books
 n - a book of Ice

   Spells                             Type                      Level
   a - Ice Form                       Ice/Transmutation            4
   b - Metabolic Englaciation         Hexes/Ice                    5
   c - Ozocubu's Refrigeration        Ice                          6
   d - Bolt of Cold                   Conjuration/Ice              6
   e - Freezing Cloud                 Conjuration/Ice/Air          6
   f - Simulacrum                     Ice/Necromancy               6
 q - a Grand Grimoire

   Spells                             Type                      Level
   a - Monstrous Menagerie            Summoning                    7
   b - Summon Greater Demon           Summoning                    7
   c - Malign Gateway                 Summoning/Translocation      7
   d - Summon Horrible Things         Summoning                    8
 z - a book of the Earth

   Spells                             Type                      Level
   a - Leda's Liquefaction            Hexes/Earth                  4
   b - Bolt of Magma                  Conjuration/Fire/Earth       5
   c - Statue Form                    Transmutation/Earth          6
   d - Iron Shot                      Conjuration/Earth            6
   e - Shatter                        Earth                        9
 N - Asteagi's Volume of Virous Stones
   (You found it on level 15 of the Dungeon)

   Spells                             Type                      Level
   a - Sting                          Conjuration/Poison           1
   b - Sandblast                      Earth                        1
   c - Passwall                       Transmutation/Earth          2
   d - Olgreb's Toxic Radiance        Poison                       4
   e - Poisonous Cloud                Conjuration/Poison/Air       6
Miscellaneous
 j - a lamp of fire
Comestibles
 u - 9 fruits
 v - 17 meat rations
 J - 5 bread rations
 M - 2 royal jellies
 R - 8 beef jerkies


   Skills:
 - Level 12.6 Fighting
 + Level 17.8(17.9) Axes
   Level 3.9(12.6) Polearms
 - Level 12.3 Armour
 - Level 10.2 Dodging
 - Level 9.8 Shields
 - Level 9.1 Invocations


You had 15 spell levels left.
You didn't know any spells.

Dungeon Overview and Level Annotations

Branches:
Dungeon (15/15)            Temple (0/1) D:6            Lair (6/6) D:8
  Swamp (0/4) Lair:4       Spider (0/4) Lair:4        Slime (0/5) Lair:6
    Orc (2/2) D:11         Vaults (0/5) D:14         Depths (0/5) D:15
    Elf: Orc:2

Altars:
Ashenzari
Hepliaklqana
Nemelex Xobeh
Okawaru
Sif Muna
Vehumet
The Shining One
Beogh

Shops:
D:4 [   D:5 :

Annotations:
Orc:2 Azrael


Innate Abilities, Weirdness & Mutations

You are under a permanent stasis effect.
You can dig through walls and to a lower floor.
Your four strong arms can wield two-handed weapons with a shield.
You have a pair of large antennae on your head. (SInv)
You are surrounded by a mild repulsion field. (EV +2)
You are partially covered in slimy green scales. (AC +2)
You passively map a small area around you.


Message History

The centaur wields a shortbow.
The centaur shoots an arrow.
You block the arrow. Azrael gestures at you. The sticky flame hits you!
The fire burns you terribly!
You are covered in liquid flames!
You closely miss the orc priest.
You are covered in liquid flames!
The centaur shoots an arrow.
The arrow hits you but does no damage.
The orc priest invokes the aid of Beogh against you.
Beogh smites you!
You slice the orc priest!!
You kill the orc priest!
Okawaru accepts your kill.
You are covered in liquid flames!
The orc priest calls down the wrath of Beogh upon you.
Beogh smites you!
You are covered in liquid flames!
Azrael gestures at you. The bolt of fire hits you! The fire burns you terribly!
You die...

* * * , §....§. ##
,,.§...$. ##.# ,
§.....#
##..$##§..c.... ,
#...#.#§o§..... ,
.......#R...... *
*, #.#.o$$.... ,
##.#.##..........,
#......@o....$...*
*..........$......
** *
...#.............
$.#..$..#........,*
......$.........
#......#.........
#...... ........
##..... ...#... , *


You could see Azrael, a centaur, 2 orc priests and an orc wizard.

Vanquished Creatures
  Rupert (Lair:3)
  Kirke (D:15)
  Roxanne (D:14)
  A tengu reaver (D:11)
  An orc warlord (Orc:1)
  Louise (D:15)
  A stone giant (D:11)
  2 fire dragons
  4 vault guards (D:14)
  6 hydras
  3 ice dragons
  4 centaur warriors
  8 death yaks (Lair:6)
  A death knight (D:15)
  Urug (D:11)
  2 unseen horrors
  6 hill giants
  An orc knight (D:11)
  2 deep elf magi (D:13)
  A wolf spider (Lair:6)
  Pikel (D:7)
  An orc sorcerer (Orc:1)
  2 manticores
  4 cyclopes
  16 ugly things
  A guardian serpent (Lair:6)
  2 ice statues (IceCv)
  Joseph (D:9)
  6 black mambas
  9 elephants (Lair:6)
  2 torpor snails (Lair:6)
  A water nymph (shapeshifter) (D:11)
  Psyche (D:11)
  26 spiny frogs
  3 gargoyles (D:14)
  A freezing wraith (D:15)
  4 komodo dragons
  7 rime drakes
  An efreet (D:14)
  The ghost of Bronet the Quickloader, a novice KoHu (D:5)
  A tengu conjurer (D:14)
  2 polar bears (Lair:5)
  6 jumping spiders (Lair:4)
  3 trolls
  5 dream sheep (Lair:4)
  17 blink frogs
  6 slime creatures
  11 hippogriffs
  A shadow (D:14)
  6 redbacks
  A hippogriff (shapeshifter) (D:13)
  11 wyverns
  A hog (D:15)
  A wraith (D:14)
  A spriggan (D:7)
  A fire elemental (Orc:1)
  34 yaks
  10 basilisks
  The ghost of Vasilisck the Shield-Bearer, an amateur FoFi (D:3)
  3 hungry ghosts
  3 steam dragons
  Menkaure (D:5)
  6 vampire mosquitoes
  3 wargs (Orc:1)
  3 mottled dragons
  15 water moccasins
  Duvessa (D:5)
  A soldier ant (D:11)
  3 hell hounds (Orc:1)
  6 porcupines
  A swamp drake (Lair:6)
  A black bear (D:6)
  22 ice beasts
  4 slaves (D:7)
  3 phantoms
  4 wasps (Lair:6)
  An eye of draining (D:14)
  25 orc warriors
  10 ogres
  3 sky beasts
  9 wolves
  9 centaurs
  5 big kobolds
  14 crocodiles
  A gnoll sergeant (D:5)
  19 bullfrogs
  A wyvern zombie (D:9)
  Dowan (D:5)
  6 scorpions
  13 killer bees
  3 wights (D:15)
  4 howler monkeys
  8 crimson imps
  2 bullfrog zombies (D:4)
  11 centaur zombies
  3 quasits
  10 hounds
  4 jellies
  2 bullfrog skeletons
  19 orc priests
  7 centaur skeletons
  7 iguanas
  20 orc wizards
  10 worker ants
  A statue (D:8)
  3 hound skeletons
  5 worker ant zombies
  5 gnolls (D:5)
  23 adders
  30 river rats
  A shadow imp (D:15)
  12 white imps (Orc:1)
  4 oozes (Lair:6)
  2 adder zombies
  An adder skeleton (D:4)
  3 worms
  A dart slug (D:1)
  7 leopard geckos
  72 orcs
  16 giant cockroaches
  6 goblins
  6 hobgoblins
  13 jackals
  15 kobolds
  3 quokkas
  2 ball pythons
  19 bats
  13 frilled lizards
  A giant cockroach zombie (D:1)
  A jackal skeleton (D:4)
  A leopard gecko skeleton (D:9)
  A leopard gecko zombie (D:4)
  A quokka skeleton (D:6)
  A quokka zombie (D:4)
  19 rats
  6 fungi
  15 plants
873 creatures vanquished.

Vanquished Creatures (others)
  A manticore (D:14)
  A human (D:15)
  A yak (Lair:6)
  A water moccasin (Lair:6)
  A worker ant (Lair:6)
  13 fungi
  33 plants
51 creatures vanquished.

Grand Total: 924 creatures vanquished

Notes
Turn   | Place    | Note
-------+----------+-------------------------------------------
     0 | D:1      | Vasilisck the Formicid Fighter began the quest for the Orb.
     0 | D:1      | Reached XP level 1. HP: 18/18 MP: 1/1
    74 | D:1      | Reached XP level 2. HP: 24/24 MP: 2/2
   360 | D:1      | Reached XP level 3. HP: 26/30 MP: 3/3
   967 | D:2      | Reached XP level 4. HP: 37/37 MP: 4/4
  1213 | D:2      | Reached skill level 1 in Dodging
  1793 | D:3      | Reached XP level 5. HP: 42/42 MP: 5/5
  1819 | D:3      | Found a glowing golden altar of the Shining One.
  1987 | D:3      | Noticed Vasilisck's ghost (amateur FoFi)
  1999 | D:3      | Killed Vasilisck's ghost
  1999 | D:3      | Reached skill level 3 in Axes
  1999 | D:3      | Reached XP level 6. HP: 18/49 MP: 6/6
  2286 | D:3      | Found an iron altar of Okawaru.
  2290 | D:3      | Found a deep blue altar of Sif Muna.
  2311 | D:3      | Became a worshipper of Warmaster Okawaru
  2442 | D:4      | Reached skill level 5 in Shields
  2442 | D:4      | Reached XP level 7. HP: 48/55 MP: 7/7
  2563 | D:4      | Reached * piety under Okawaru
  2563 | D:4      | Reached skill level 5 in Armour
  2777 | D:4      | Reached skill level 5 in Fighting
  3004 | D:4      | Found Unyh Jeew's Antique Armour Emporium.
  3018 | D:4      | Bought a shiny chain mail for 112 gold pieces
  3036 | D:4      | Got a warped brass ring
  3037 | D:4      | Identified the ring "Ojuur" {rPois rN+} (You found it on level 4 of the Dungeon)
  3167 | D:5      | Entered Level 5 of the Dungeon
  3192 | D:5      | Noticed Bronet's ghost (novice KoHu)
  3209 | D:5      | Gained mutation: You passively map a small area around you. [potion of mutation]
  3209 | D:5      | Gained mutation: You are partially covered in slimy green scales. (AC +2) [potion of mutation]
  3209 | D:5      | Gained mutation: You are surrounded by a mild repulsion field. (EV +2) [potion of mutation]
  3257 | D:5      | Killed Bronet's ghost
  3257 | D:5      | Reached skill level 4 in Axes
  3257 | D:5      | Reached XP level 8. HP: 26/63 MP: 8/8
  3435 | D:5      | Noticed Dowan
  3437 | D:5      | Noticed Duvessa
  3463 | D:5      | Killed Duvessa
  3463 | D:5      | Reached ** piety under Okawaru
  3479 | D:5      | Killed Dowan
  3490 | D:5      | You fall through a shaft!
  3515 | D:5      | Found a glowing drain.
  3582 | Sewer    | Entered a sewer
  3978 | Sewer    | Reached XP level 9. HP: 64/69 MP: 9/9
  4076 | D:5      | Noticed Menkaure
  4076 | D:5      | Reached skill level 5 in Axes
  4082 | D:5      | Killed Menkaure
  4204 | D:5      | Reached *** piety under Okawaru
  4702 | D:5      | Found Zuicof's Book Shoppe.
  4931 | D:5      | Found a hazy altar of Hepliaklqana.
  5446 | D:6      | Found a staircase to the Ecumenical Temple.
  5811 | D:7      | Reached skill level 5 in Dodging
  5883 | D:7      | Noticed Pikel
  5910 | D:7      | Killed Pikel
  5910 | D:7      | Reached **** piety under Okawaru
  5910 | D:7      | Reached skill level 6 in Axes
  5910 | D:7      | Reached XP level 10. HP: 25/79 MP: 10/10
  6778 | D:8      | Reached ***** piety under Okawaru
  7428 | D:8      | Found a radiant altar of Vehumet.
  7458 | D:8      | Found a staircase to the Lair.
  7637 | D:9      | Noticed Joseph
  7668 | D:9      | Killed Joseph
  8526 | D:9      | Reached skill level 7 in Axes
  8618 | D:9      | Reached XP level 11. HP: 84/87 MP: 11/11
  8930 | D:10     | Entered Level 10 of the Dungeon
  9564 | D:10     | Noticed an unseen horror
  9573 | D:10     | Killed an unseen horror
  9573 | D:10     | Received a gift from Okawaru
  9869 | D:11     | Noticed Psyche
  9877 | D:11     | Killed Psyche
  9877 | D:11     | Reached skill level 8 in Axes
 10088 | D:11     | Reached ****** piety under Okawaru
 10105 | D:11     | Found a staircase to the Orcish Mines.
 10115 | D:11     | Noticed a hill giant
 10135 | D:11     | Killed a hill giant
 10387 | D:11     | Noticed Urug
 10399 | D:11     | Killed Urug
 10587 | D:11     | Reached XP level 12. HP: 54/97 MP: 12/12
 10855 | D:11     | Reached skill level 10 in Fighting
 10916 | D:11     | Noticed a tengu reaver
 10920 | D:11     | Noticed a stone giant
 10920 | D:11     | Noticed a sea snake
 10920 | D:11     | a glowing shapeshifter changed into a sea snake
 10921 | D:11     | Noticed a glowing orange brain
 10921 | D:11     | a sea snake changed into a glowing orange brain
 10925 | D:11     | a glowing orange brain changed into a lindwurm
 10935 | D:11     | Killed a stone giant
 10935 | D:11     | Received a gift from Okawaru
 10956 | D:11     | You fall through a shaft for 3 floors!
 10956 | D:14     | Noticed a centaur warrior
 10960 | D:14     | HP: 2/97 [gargoyle/stone arrow (23)]
 10968 | D:14     | Reached skill level 10 in Armour
 10975 | D:14     | Killed a centaur warrior
 10975 | D:14     | Reached skill level 9 in Axes
 11265 | D:14     | Found a gate to the Vaults.
 11265 | D:14     | Noticed a vault guard
 11265 | D:14     | Noticed a vault guard
 11265 | D:14     | Noticed a vault guard
 11265 | D:14     | Noticed a vault guard
 11289 | D:14     | Killed a vault guard
 11304 | D:14     | Killed a vault guard
 11320 | D:14     | Killed a vault guard
 11332 | D:14     | Killed a vault guard
 11339 | D:14     | Reached XP level 13. HP: 61/106 MP: 13/13
 11568 | D:14     | Reached skill level 10 in Axes
 11604 | D:14     | Received a gift from Okawaru
 11614 | D:14     | Got a steaming spear
 11615 | D:14     | Identified the +7 spear of Dyokeg {pierce, *Drain rElec SInv} (You found it on level 14 of the Dungeon)
 11940 | D:14     | Reached skill level 1 in Polearms
 12668 | D:12     | Received a gift from Okawaru
 12784 | D:12     | Noticed a centaur warrior
 12795 | D:12     | Killed a centaur warrior
 12968 | D:11     | Got a sapphire hunting sling {god gift}
 13171 | D:11     | Noticed a ghost crab
 13173 | D:11     | a ghost crab changed into a salamander
 13270 | D:12     | Reached skill level 10 in Dodging
 13475 | D:12     | Found a sparkling altar of Nemelex Xobeh.
 13648 | D:13     | Reached XP level 14. HP: 85/116 MP: 14/14
 14047 | D:11     | Killed a tengu reaver
 14469 | Lair:1   | Entered Level 1 of the Lair of Beasts
 14471 | Lair:1   | Identified the +11 hunting sling of Bipanus {flame, Int+4 Dex-3 SInv} (Okawaru gifted it to you on level 11 of the Dungeon)
 15356 | Lair:2   | Reached skill level 11 in Axes
 15479 | Lair:2   | Received a gift from Okawaru
 16366 | Lair:3   | You fall through a shaft!
 16411 | Lair:4   | Found a staircase to the Swamp.
 16431 | Lair:4   | Received a gift from Okawaru
 16452 | Lair:4   | Got an ichor-stained cloak {god gift}
 16463 | Lair:4   | Identified the +0 cloak of Beyond {Regen+ rCorr} (Okawaru gifted it to you on level 4 of the Lair of Beasts)
 16523 | Lair:3   | Reached skill level 12 in Axes
 16562 | Lair:3   | Noticed Rupert
 16601 | Lair:3   | Killed Rupert
 17623 | Lair:4   | Reached skill level 13 in Axes
 17815 | Lair:4   | Found a hole to the Spider Nest.
 17974 | Lair:4   | Reached XP level 15. HP: 122/122 MP: 15/15
 18409 | Lair:5   | Received a gift from Okawaru
 18409 | Lair:5   | Reached skill level 14 in Axes
 18445 | Lair:5   | Reached skill level 1 in Invocations
 18943 | Lair:6   | Entered Level 6 of the Lair of Beasts
 19137 | Lair:6   | Found a staircase to the Slime Pits.
 19169 | Lair:6   | Reached skill level 5 in Invocations
 19385 | Lair:6   | Received a gift from Okawaru
 19389 | Lair:6   | Got a pair of twisted boots {god gift}
 19400 | Lair:6   | Identified the +1 pair of boots of the Endless Expanse {Int+2} (Okawaru gifted it to you on level 6 of the Lair of Beasts)
 20406 | Lair:6   | Reached skill level 15 in Axes
 20843 | Lair:6   | Reached XP level 16. HP: 129/129 MP: 22/22
 20856 | Lair:6   | Received a gift from Okawaru
 21496 | D:14     | Noticed Roxanne
 21522 | D:14     | Killed Roxanne
 21626 | D:14     | Reached skill level 16 in Axes
 22088 | D:15     | Entered Level 15 of the Dungeon
 22159 | D:15     | Noticed Louise
 22181 | D:15     | Killed Louise
 22273 | D:15     | Found a shattered altar of Ashenzari.
 22410 | D:15     | Noticed Kirke
 22421 | D:15     | Killed Kirke
 22472 | D:15     | Identified Asteagi's Volume of Virous Stones
 22524 | D:15     | Received a gift from Okawaru
 22632 | D:15     | Found a staircase to the Depths.
 22961 | D:15     | Reached skill level 17 in Axes
 22969 | D:15     | Received a gift from Okawaru
 23263 | Orc:1    | Entered Level 1 of the Orcish Mines
 23263 | Orc:1    | Found a roughly hewn altar of Beogh.
 23563 | Orc:1    | Found a frozen archway.
 23598 | IceCv    | Entered an ice cave
 24048 | IceCv    | Got a scorched tin ring
 24058 | IceCv    | Got a sparkling steel amulet
 24061 | IceCv    | Identified the amulet "Ruvid" {+Rage Str+4 Int+6} (You found it in an ice cave)
 24067 | IceCv    | Identified the ring "Dazaefi" {Int+7 Stlth+} (You found it in an ice cave)
 24364 | Orc:2    | Entered Level 2 of the Orcish Mines
 24364 | Orc:2    | Noticed Azrael
 24365 | Orc:2    | Upgraded the game from 0.19-a0-1704-gbd66c22 to 0.19-a0-1714-gcab94ab
 24640 | Orc:2    | Killed from afar by Azrael

Vault maps used:
D:1:      saegor_arrival_fortress, minmay_heptomino_l4
D:2:      serial_park_tiny_1
D:3:      minitemple, tso_oasis_becter
D:4:      serial_shops, shop, serial_undead, serial_undead_a, serial_undead_b,
          serial_undead_d, serial_undead_f, serial_undead_b
D:5:      lemuel_round_altar, serial_shops, shop, gup_sewer_entry_glass,
          first_bread, uniq_duvessa, uniq_menkaure
D:7:      minmay_misc_feat_plants, the_bakery, minivault_25, uniq_pikel
D:8:      vehumet_statue, grunt_lair_entry_orc_guard_hut
D:9:      uniq_joseph
D:11:     minmay_glassy_protrusions, orc_0_dummy, kennysheep_generic_room_7,
          uniq_urug, uniq_psyche
D:12:     nemelex_xobeh_ov_fountains_minmay
D:13:     billiards_dpeg
D:14:     lightli_vaults_fourway_checkpoint, lab_entry_generic, uniq_roxanne
D:15:     grunt_enter_depths_hoard, evilmike_ruin_ashenzari, uniq_kirke,
          uniq_louise
Lair:1:   lemuel_fruit_fields
Lair:3:   uniq_rupert
Lair:4:   swamp_mist, nicolae_spider_entry_tight_spaces,
          hangedman_lair_unloving_vines, grunt_forest_small_clearings
Lair:5:   serial_forest, infiniplex_forest_clump_curved,
          infiniplex_forest_clump_C, infiniplex_forest_clump_small,
          infiniplex_forest_lined_room_, infiniplex_forest_lined_ring,
          infiniplex_forest_straight_5, infiniplex_forest_diagonal,
          grunt_megastairs_3
Lair:6:   guppyfry_lair_end_dragon, hangedman_lair_tendril_chambers,
          nicolae_slime_entry_slimehenge, minivault_24
Orc:1:    basic_altar, portal_ice_cave_entry_imps, serial_shops
Orc:2:    st_orc_rangers, uniq_azrael
Sewer:    sewer_frog_island_01
IceCv:    ice_cave_small_dragons

Skill      XL: |  1  2  3  4  5  6  7  8  9 10 11 12 13 14 15 16 |
---------------+-------------------------------------------------+-----
Shields        | 4 5 6 8 9 |  9.8
Dodging        | 1 2 3 4 5 6 7 8 10 | 10.2
Armour         | 4 5 6 7 8 9 10 12 | 12.3
Fighting       | 4 5 6 7 8 9 11 12 | 12.6
Axes           | 3 4 6 7 8 9 10 13 15 17 | 17.8
Polearms       | 3 |  3.9
Invocations    | 9 |  9.1

Action                   |  1- 3 |  4- 6 |  7- 9 | 10-12 | 13-15 | 16-18 || total
-------------------------+-------+-------+-------+-------+-------+-------++-------
Melee: War axe           |   108 |   131 |   451 |   221 |       |       ||   911
       Unarmed           |       |       |     7 |       |       |       ||     7
       Battleaxe         |       |       |       |   487 |   923 |   462 ||  1872
       Spear             |       |       |       |       |   409 |       ||   409
Throw: Tomahawk          |       |       |       |       |       |     6 ||     6
Invok: Heroism           |       |       |       |     2 |     1 |     3 ||     6
 Abil: Dig               |       |       |       |     2 |     3 |     3 ||     8
       Shaft Self        |       |       |       |     1 |       |       ||     1
  Use: Potion            |       |     1 |     3 |     8 |     6 |     1 ||    19
       Scroll            |       |       |    14 |     7 |     9 |     3 ||    33
 Stab: Invisible         |       |       |     7 |     2 |       |       ||     9
  Eat: Chunk             |       |     1 |     5 |     8 |     8 |    11 ||    33
       Bread ration      |       |     1 |     1 |     2 |     5 |       ||     9
       Beef jerky        |       |       |     1 |     2 |       |       ||     3
       Pizza             |       |       |       |     1 |     6 |     1 ||     8
Armor: Scale mail        |    58 |    73 |    29 |       |       |       ||   160
       Chain mail        |       |       |   188 |   161 |       |       ||   349
       Skin              |       |       |     1 |       |       |       ||     1
       Crystal plate arm |       |       |       |   180 |   643 |   172 ||   995
Dodge: Dodged            |    48 |    65 |   217 |   371 |   774 |   227 ||  1702
Block: Shield            |    69 |    84 |   295 |   535 |   797 |   265 ||  2045
